[Event "*** Titled Tuesday Blitz"]
[Site "Chess.com"]
[Date "2020.11.03"]
[Round "9"]
[White "Bigfish1995"]
[Black "elohunter1999"]
[Result "1-0"]
[WhiteElo "2995"]
[BlackElo "2537"]
[TimeControl "180+1"]
[EndTime "11:48:32 PST"]
[Termination "Bigfish1995 won by resignation"]

1. e4 g6 2. h4 h5 3. d4 Bg7 4. c3 d6 5. Bf4 c6 6. Nf3 Bg4 7. Nbd2 Nd7 8. Qb3 Qb6 9. Bc4 Qxb3 10. axb3 e5 11. Be3 Bxf3 12. Nxf3 Ngf6 13. dxe5 Nxe5 14.
Nxe5 dxe5 15. f3 a6 16. Ke2 O-O 17. Rhd1 b5 18. Bd3 Rfd8 19. Ra2 Ne8 20. Rda1 Nc7 21. b4 Bf8 22. Bc2 Be7 23. g3 Kg7 24. Bb3 Rd7 25.
Rd1 Rxd1 26. Bxd1 f6 27. Bb3 Kf8 28. Ra1 Bd6 29. Rd1 Ke7 30. Bb6 Ne6 31. Ra1 Bc7 32. Be3 Bd6 33. Kf2 Bc7 34. Kg2 a5 35. Bc2 Kf7 36. Kf1 Ke7 37. Ke2 Kf7 38. Bf2 Ke7 39. Bb3 a4 40. Bc2 Rd8 41. b3 axb3 42. Bxb3 Rc8 43.
Ra7 Nd8 44. Bc5+ Kd7 45. Bg8 Ne6 46. Bf7 Nxc5 47. bxc5 g5 48. Bxh5 gxh4 49. Bg4+ 1-0

[Event "*** Titled Tuesday Blitz"]
[Site "Chess.com"]
[Date "2020.11.03"]
[Round "9"]
[White "PaulfromSPb"]
[Black "AliKa2810"]
[Result "1-0"]
[WhiteElo "2714"]
[BlackElo "2561"]
[TimeControl "180+1"]
[EndTime "11:48:33 PST"]
[Termination "PaulfromSPb won on time"]

1. d4 d5 2. Bf4 Nf6 3. e3 e6 4. Nd2 c5 5. c3 Nc6 6. Bd3 Bd6 7. Bxd6 Qxd6 8. f4 Bd7 9. Ngf3 cxd4 10.
cxd4 Nb4 11. Be2 Rc8 12. O-O Nc2 13. Rc1 Nxe3 14. Rxc8+ Bxc8 15. Qc1 O-O 16. Re1 Qxf4 17. Nf1 Nxg2 18. Kxg2 Qg4+ 19. Ng3 Ne4 20. Nd2 Qg6 21. Nxe4 dxe4 22. Bh5 Qf6 23. Rxe4 Bd7 24. Rf4 Bc6+ 25. Bf3 Bxf3+ 26. Kxf3 Qg6 27. Rg4 Qd3+ 28. Qe3 Qd1+ 29. Qe2 Qb1 30. Qe5 Qd1+ 31. Qe2 Qb1 32. Nh5 Qf5+ 33.
Nf4 h5 34. Rg2 Rc8 35. Qe5 Qxe5 36. dxe5 Rc5 37. Nxh5 Rxe5 38. Nxg7 Kf8 39. h4 1-0

[Event "*** Titled Tuesday Blitz"]
[Site "Chess.com"]
[Date "2020.11.03"]
[Round "9"]
[White "alexsergeyev"]
[Black "petrkostenko"]
[Result "0-1"]
[WhiteElo "2322"]
[BlackElo "2445"]
[TimeControl "180+1"]
[EndTime "11:48:33 PST"]
[Termination "petrkostenko won on time"]

1. d4 e6 2. c4 b6 3. Qc2 Bb7 4. e4 Bb4+ 5. Nd2 c5 6. d5 b5 7. Nf3 Nf6 8. b3 O-O 9. Bd3 bxc4 10. bxc4 d6 11. O-O Nbd7 12. Bb2 e5 13. Rfb1 Nh5 14. Nf1 Rb8 15. Bc1 Nf4 16. Ng3 g6 17. Rb3 Ba5 18.
Rab1 Bb6 19. a4 Qc7 20. Bxf4 exf4 21. Ne2 Ne5 22. Nxf4 Nxf3+ 23. gxf3 Ba6 24. Ng2 Ba5 25. f4 Rxb3 26. Rxb3 Bb4 27. Ne3 Qe7 28. Qb2 Qh4 29. Ng2 Qe7 30. e5 Bc8 31. Bf1 Bd7 32. Re3 Bxa4 33.
f5 dxe5 34. Rxe5 Qf6 35. f4 Bd7 36. Ne3 Qh4 37. Ng2 Qf6 38. Ne3 a5 0-1

[Event "*** Titled Tuesday Blitz"]
[Site "Chess.com"]
[Date "2020.11.03"]
[Round "9"]
[White "Andreikka"]
[Black "RaunakSadhwani2005"]
[Result "0-1"]
[WhiteElo "2920"]
[BlackElo "2982"]
[TimeControl "180+1"]
[EndTime "11:48:34 PST"]
[Termination "RaunakSadhwani2005 won by resignation"]

1. e4 e5 2. Nf3 Nc6 3. Bb5 Nf6 4. d3 Bc5 5. Bg5 O-O 6. Nc3 Nd4 7.
Bc4 c6 8. Nxe5 d5 9. Bb3 Re8 10. f4 h6 11. Bh4 Qd6 12. Bg3 a5 13. a4 b6 14. Ba2 Ba6 15. Qd2 Rad8 16. Bf2 Nh5 17. O-O Nxf4 18. Qxf4 Qxe5 19. Qxe5 Rxe5 20. exd5 cxd5 21. Rac1 Bb7 22. Kh1 Rde8 23. Bg3 Rh5 24.
Nb5 Ne2 25. Bc7 Nxc1 26. Rxc1 Re2 27. Nc3 Re7 28. Bg3 Rf5 29. Nb5 d4 30. Kg1 Re2 0-1

[Event "*** Titled Tuesday Blitz"]
[Site "Chess.com"]
[Date "2020.11.03"]
[Round "9"]
[White "Crazy_girl99"]
[Black "XDPS"]
[Result "0-1"]
[WhiteElo "2533"]
[BlackElo "2674"]
[TimeControl "180+1"]
[EndTime "11:48:34 PST"]
[Termination "XDPS won by resignation"]

1. Nf3 Nf6 2. g3 g6 3. Bg2 Bg7 4. O-O O-O 5. d4 d6 6. c4 Nc6 7.
Nc3 e5 8. h3 h6 9. Be3 Re8 10.
Qd2 Kh7 11. Rad1 e4 12. Nh2 Bd7 13. a3 Na5 14. c5 Nc4 15. Qc1 Nxe3 16. Qxe3 d5 17.
b4 c6 18. Rb1 h5 19. Qd2 Bh6 20. e3 a6 21. a4 Kg7 22. Rfc1 h4 23. g4 Nh7 24.
Rc2 f5 25. gxf5 Bxf5 26. b5 axb5 27. axb5 Qd7 28. bxc6 bxc6 29. Rcb2 Ra7 30. Rb6 Ng5 31. Qb2 Re7 32. Ra1 Rxa1+ 33. Qxa1 Bxh3 34. Qa4 Bxg2 35. Kxg2 Qh3+ 36. Kg1 Nf3+ 37. Nxf3 exf3 0-1

[Event "*** Titled Tuesday Blitz"]
[Site "Chess.com"]
[Date "2020.11.03"]
[Round "9"]
[White "AurumO"]
[Black "ethylalcohol"]
[Result "0-1"]
[WhiteElo "1951"]
[BlackElo "2096"]
[TimeControl "180+1"]
[EndTime "11:48:34 PST"]
[Termination "ethylalcohol won by resignation"]

1. e4 e6 2. d4 d5 3. exd5 exd5 4. Bd3 Bd6 5. Nf3 Ne7 6. c3 O-O 7. O-O Bf5 8. Re1 Nbc6 9. Bf1 Qd7 10. a4 Rae8 11. Be3 Ng6 12. Nbd2 Bg4 13. b4 Kh8 14. b5 Nce7 15. c4 Bb4 16. Qb3 Bxd2 17. Nxd2 Nf5 18.
cxd5 Nxe3 19. fxe3 f5 20. e4 fxe4 21. Nxe4 Nf4 22.
Re3 Nxd5 23. Ree1 Qf5 24. Bc4 Nf4 25. Ng3 Qf6 26. Qc3 Nh3+ 27. gxh3 Qf2+ 28. Kh1 Bf3+ 29.
Qxf3 Qxf3+ 30. Kg1 Qf2+ 31. Kh1 Rxe1+ 32. Rxe1 Qxe1+ 33. Kg2 Qd2+ 34. Be2 Re8 35. h4 Rxe2+ 36. Nxe2 Qxe2+ 0-1

[Event "*** Titled Tuesday Blitz"]
[Site "Chess.com"]
[Date "2020.11.03"]
[Round "9"]
[White "redbaron8888"]
[Black "Gloomy_Wanderer"]
[Result "0-1"]
[WhiteElo "2544"]
[BlackElo "2703"]
[TimeControl "180+1"]
[EndTime "11:48:38 PST"]
[Termination "Gloomy_Wanderer won by resignation"]

1. d4 Nf6 2. Bg5 e6 3. Nd2 h6 4. Bh4 c5 5. e3 cxd4 6. exd4 b6 7.
Ngf3 Be7 8. Bd3 Ba6 9. c4 O-O 10.
O-O d5 11. Re1 Nc6 12. cxd5 Bxd3 13. dxc6 Rc8 14. Ne5 Bb5 15. Rc1 Qxd4 16. Ndf3 Qxd1 17. Rexd1 Rfd8 18. Nd4 Rd5 19. Nxb5 Rxb5 20. Bxf6 Bxf6 21. Ng4 Bxb2 22. Rc2 Bf6 23. Nxf6+ gxf6 24. f4 Rd5 25. Rxd5 exd5 26. Kf2 Kf8 27. Ke3 Ke7 28. Kd4 Kd6 29. Rc3 Rxc6 30. Rh3 Rc4+ 31. Kd3 Rxf4 32. Rxh6 Rf2 33.
g4 Rxa2 34. Rxf6+ Ke7 35. Rf5 Rxh2 36. Rxd5 Rg2 37. Rd4 a5 38. Kc4 Rb2 39. Kd5 Rb4 40. Rd2 Rxg4 41. Kc6 Rg6+ 42. Kb5 0-1

[Event "*** Titled Tuesday Blitz"]
[Site "Chess.com"]
[Date "2020.11.03"]
[Round "9"]
[White "Vi_Los"]
[Black "Shuvalov"]
[Result "1-0"]
[WhiteElo "2336"]
[BlackElo "2410"]
[TimeControl "180+1"]
[EndTime "11:48:41 PST"]
[Termination "Vi_Los won by resignation"]

1. e4 e6 2. d4 d5 3. Nd2 c5 4. exd5 exd5 5. Ngf3 Nc6 6. Bb5 Bd6 7. dxc5 Bxc5 8. O-O Ne7 9. Nb3 Bb6 10. Re1 O-O 11. Be3 Bg4 12. h3 Bh5 13. c3 Ne5 14. Bxb6 Nxf3+ 15. Qxf3 Qxb6 16. Qxh5 g6 17. Qf3 Qxb5 18.
Rxe7 a5 19. Qe2 Qb6 20. Nd4 a4 21. a3 Qf6 22. Re1 h5 23. Qe5 Qb6 24. Re2 Rad8 25. Qc7 Qf6 26. Qxb7 Rb8 27. Qc6 Qf4 28. R7e3 h4 29.
Qxd5 Rfd8 30. Qe4 Qf6 31. Qe5 Qb6 32. Qg5 Rxd4 33. cxd4 Qxd4 34. Qe5 Qb6 35. Qxb8+ Qxb8 36. Re8+ Qxe8 37. Rxe8+ Kg7 38. Re4 1-0

[Event "*** Titled Tuesday Blitz"]
[Site "Chess.com"]
[Date "2020.11.03"]
[Round "9"]
[White "ArjunErigaisi2003"]
[Black "cstevens1"]
[Result "1-0"]
[WhiteElo "2976"]
[BlackElo "2698"]
[TimeControl "180+1"]
[EndTime "11:48:42 PST"]
[Termination "ArjunErigaisi2003 won on time"]

1. f4 d5 2. Nf3 g6 3. g3 Bg7 4.
Bg2 c5 5. O-O Nc6 6. d3 d4 7. c3 Nh6 8. e4 dxe3 9. Bxe3 Qd6 10.
Na3 Ng4 11. Nc4 Qd5 12. Nfe5 Nxe3 13. Bxd5 Nxd1 14. Bxf7+ Kf8 15. Raxd1 Bxe5 16. fxe5 Kg7 17. Bd5 Nd8 18. e6 Rf8 19. Rxf8 Kxf8 20. Rf1+ Kg7 21. Ne5 a5 22. Nd7 Bxd7 23. exd7 e6 24. Bc4 b6 25. a4 Ra7 26. Bb5 Ra8 27. Kg2 Nf7 28. d4 cxd4 29. cxd4 Rd8 30. Bc4 Ng5 31. h4 Ne4 32. Bxe6 Nd6 33. d5 h5 34. b3 b5 35.
axb5 Nxb5 36. Rf7+ Kh6 37. Re7 Nd6 38. Bf7 Kg7 39.
Bxg6+ Kf8 40. Rh7 Kg8 41. Kh3 1-0

[Event "*** Titled Tuesday Blitz"]
[Site "Chess.com"]
[Date "2020.11.03"]
[Round "9"]
[White "ssrija97"]
[Black "esskeettit"]
[Result "1-0"]
[WhiteElo "2322"]
[BlackElo "2445"]
[TimeControl "180+1"]
[EndTime "11:48:42 PST"]
[Termination "ssrija97 won by resignation"]

1. e4 c5 2. Nf3 Nc6 3. d4 cxd4 4. Nxd4 g6 5. c4 Nf6 6. Nc3 d6 7. Be3 Ng4 8. Nxc6 bxc6 9. Bf4 Bg7 10. Be2 Qb6 11. O-O Qxb2 12. Bxg4 Qxc3 13. Qa4 O-O 14. Bf3 Be6 15. Rac1 Qf6 16. Be3 Rfc8 17. Rfd1 Qb2 18. Rc2 Qb7 19. c5 Qd7 20. Rcd2 d5 21. exd5 cxd5 22.
Qxd7 Bxd7 23. Bxd5 Ba4 24. Bxa8 Bxd1 25. Bb7 Rb8 26.
c6 Bg4 27. Bxa7 Re8 28. h3 Bf5 29. c7 Be5 30. Rd8 Bxc7 31. Rxe8+ Kg7 32. Bd4+ f6 33. Rxe7+ 1-0

[Event "*** Titled Tuesday Blitz"]
[Site "Chess.com"]
[Date "2020.11.03"]
[Round "9"]
[White "FairChess_on_YouTube"]
[Black "dretch"]
[Result "1-0"]
[WhiteElo "2993"]
[BlackElo "2837"]
[TimeControl "180+1"]
[EndTime "11:48:44 PST"]
[Termination "FairChess_on_YouTube won on time"]

1. e4 e6 2. d4 d5 3. e5 c5 4. c3 Nc6 5. Nf3 Bd7 6. Be2 Qb6 7. O-O Nge7 8. dxc5 Qxc5 9. Be3 Qa5 10.
c4 dxc4 11. Nbd2 Nd5 12. Nxc4 Qc7 13. Rc1 b6 14. Nd4 Nxe3 15. fxe3 Nxe5 16. Nxe5 Qxe5 17. Bb5 Bd6 18. Bxd7+ Kxd7 19. Rxf7+ Ke8 20. Rf3 Qxh2+ 21. Kf2 Qh4+ 22. Ke2 Qh5 23. Qa4+ b5 24. Nxb5 Ke7 25.
Nxd6 Kxd6 26. Qc6+ Ke7 27. Qb7+ Kd6 28. Rc6+ 1-0

[Event "*** Titled Tuesday Blitz"]
[Site "Chess.com"]
[Date "2020.11.03"]
[Round "9"]
[White "chessmadara"]
[Black "MIJuanReyesRosa"]
[Result "1-0"]
[WhiteElo "2224"]
[BlackElo "2120"]
[TimeControl "180+1"]
[EndTime "11:48:44 PST"]
[Termination "chessmadara won by checkmate"]

1. e4 c5 2. Nf3 e6 3. d4 cxd4 4. Nxd4 a6 5. c4 Qc7 6. Nc3 Nf6 7. Be2 b6 8. O-O Bb7 9. f3 d6 10. Be3 Be7 11. Rc1 Nbd7 12. b4 Rc8 13. a4 O-O 14. Ra1 Qb8 15. Qd2 d5 16. exd5 exd5 17. Nxd5 Nxd5 18. cxd5 Bxd5 19. Bxa6 Rcd8 20. Nf5 Bf6 21. Qxd5 Bxa1 22. Rxa1 Nc5 23. Qc4 Nxa6 24. Ne7+ Kh8 25. Nc6 Qc7 26. Rc1 Rc8 27. Qxa6 Qd7 28. b5 Rfe8 29.
Qxb6 Qd3 30. Kf2 Qa3 31. Qd4 Qa2+ 32. Kg1 h6 33. Bxh6 Qe6 34. Qxg7# 1-0

[Event "*** Titled Tuesday Blitz"]
[Site "Chess.com"]
[Date "2020.11.03"]
[Round "9"]
[White "yobdc"]
[Black "bazar-wokzal"]
[Result "1-0"]
[WhiteElo "2377"]
[BlackElo "2500"]
[TimeControl "180+1"]
[EndTime "11:48:46 PST"]
[Termination "yobdc won by resignation"]

1. d4 Nf6 2. Nf3 e6 3. e3 c5 4. Bd3 b6 5. b3 Bb7 6. Bb2 Be7 7.
Nbd2 d6 8. O-O Nbd7 9. c4 Qc7 10. Re1 O-O-O 11. a3 g5 12. Re2 g4 13. Ne1 h5 14. b4 h4 15. Qa4 Kb8 16. Rb1 g3 17.
fxg3 hxg3 18. h3 Rh5 19. Nef3 e5 20. d5 Nh7 21. Bxh7 Rxh7 22. Qc2 Rg7 23. Bc3 Bc8 24. a4 cxb4 25. Bxb4 Nc5 26. a5 f5 27. axb6 axb6 28. Ba5 Nd7 29. c5 dxc5 30. Nc4 Rg6 31. Qxf5 Rf6 32.
Qe4 Bb7 33. Bc3 Bd6 34. Reb2 Bf8 35. Nfxe5 Re8 36. Nc6+ Rxc6 37. Qxe8+ Qc8 38. Qxc8+ Rxc8 39. Nxb6 Rd8 40. Nc4 1-0

[Event "*** Titled Tuesday Blitz"]
[Site "Chess.com"]
[Date "2020.11.03"]
[Round "9"]
[White "mjray79"]
[Black "Keures"]
[Result "0-1"]
[WhiteElo "2457"]
[BlackElo "2331"]
[TimeControl "180+1"]
[EndTime "11:48:46 PST"]
[Termination "Keures won by resignation"]

1. d4 Nf6 2. c4 c5 3. d5 b5 4. Nf3 g6 5. Qc2 bxc4 6. e4 d6 7. Bxc4 Bg7 8. Nc3 O-O 9. O-O Ba6 10. Bxa6 Nxa6 11. a3 Nd7 12. Ne1 f5 13. exf5 Rxf5 14. Nd3 Nb6 15. Nf4 Nc7 16. Rd1 Qf8 17. Qe4 Re5 18.
Qd3 Bh6 19. Qg3 Rf5 20. Nxg6 hxg6 21. Qxg6+ Bg7 22. Bh6 Rf6 23. Bxg7 Qxg7 24. Qe4 Raf8 25. Rf1 Rf4 26. Qe3 Nbxd5 27. Nxd5 Nxd5 28. Qb3 Qf7 29. f3 Nb6 30. Qe3 Rd4 31. Rae1 e5 32. b4 Nd5 33. Qg5+ Qg7 34. Qh5 Nf4 35. Qg4 Rd2 36. Qxg7+ Kxg7 37. Rf2 Rxf2 38. Kxf2 Nd3+ 0-1

[Event "*** Titled Tuesday Blitz"]
[Site "Chess.com"]
[Date "2020.11.03"]
[Round "9"]
[White "AniJak"]
[Black "cukin84"]
[Result "1-0"]
[WhiteElo "2298"]
[BlackElo "2077"]
[TimeControl "180+1"]
[EndTime "11:48:46 PST"]
[Termination "AniJak won by resignation"]

1. e4 c6 2. d4 d5 3. e5 c5 4. dxc5 e6 5. Be3 Qc7 6. Qd4 Ne7 7. g4 Nec6 8. Bb5 Nd7 9. Bxc6 Qxc6 10. b4 Qc7 11. Nf3 b6 12. cxb6 Nxb6 13. O-O Nc4 14. a3 a5 15. b5 Bd7 16. b6 Qc6 17. Nc3 Nxe3 18. Qxe3 Bc5 19. Qd2 Bxb6 20. Nd4 Qc4 21. Nce2 O-O 22. Rab1 Bc5 23. Rb7 Ba4 24. Qd3 Bxd4 25.
Nxd4 Rac8 26. Ra7 Qc5 27. Ra6 Rc7 28. Nb3 Bxb3 29. Qxb3 Qd4 30. h3 Rc3 31. Qb6 Qxe5 32.
f3 d4 33. Rxa5 Rxc2 34. Rxe5 d3 35. Qd4 d2 36. Rd1 1-0

[Event "*** Titled Tuesday Blitz"]
[Site "Chess.com"]
[Date "2020.11.03"]
[Round "9"]
[White "Harry_Rakkel"]
[Black "fyall777"]
[Result "0-1"]
[WhiteElo "2615"]
[BlackElo "2460"]
[TimeControl "180+1"]
[EndTime "11:48:47 PST"]
[Termination "fyall777 won by checkmate"]

1. d4 d5 2. c4 c6 3. cxd5 cxd5 4. Nc3 Nc6 5. Nf3 Nf6 6. Bf4 a6 7. Ne5 e6 8. Rc1 Bd7 9. e3 Bb4 10. Bd3 Nxe5 11. Bxe5 Rc8 12. Qb3 Qa5 13. O-O O-O 14.
Bxf6 gxf6 15. Bb1 f5 16. h3 Bxc3 17. bxc3 Bb5 18. Rfe1 Rc6 19. g4 Rfc8 20. gxf5 Rxc3 21. Qb2 Rxc1 22. Rxc1 Rxc1+ 23. Qxc1 Kg7 24. fxe6 fxe6 25.
Qc2 Qe1+ 26. Kh2 Kf6 27. h4 Be2 28. Qxh7 Qxf2+ 29. Kh3 Qxe3+ 30. Kg2 Qf3+ 31. Kh2 Qf2+ 32. Kh3 Bf1+ 33. Kg4 Be2+ 34. Kh3 Qf3+ 35. Kh2 Qf4+ 36.
Kg2 Bf3+ 37. Kg1 Qg3+ 38. Kf1 Qg2+ 39. Ke1 Qe2# 0-1

[Event "*** Titled Tuesday Blitz"]
[Site "Chess.com"]
[Date "2020.11.03"]
[Round "9"]
[White "WcmDominicToretto"]
[Black "mortngabriel"]
[Result "0-1"]
[WhiteElo "1920"]
[BlackElo "2286"]
[TimeControl "180+1"]
[EndTime "11:48:47 PST"]
[Termination "mortngabriel won by resignation"]

1. e4 c5 2. Nc3 g6 3. f4 Bg7 4. Nf3 e6 5. Bc4 Ne7 6. O-O d5 7. Bb5+ Bd7 8. d3 Bxb5 9. Nxb5 a6 10. Nc3 O-O 11. Qe1 Nbc6 12. Qh4 Nd4 13. Qf2 b5 14. Nd1 Rc8 15. c3 dxe4 16. dxe4 Nxf3+ 17. Qxf3 b4 18. Be3 bxc3 19. bxc3 Qd3 20. Rc1 Rfd8 21. Nb2 Qb5 22. Qf2 c4 23. a4 Qb3 24. Rb1 Qxc3 25. Rfc1 Qxe3 26. Qxe3 Bd4 27. Qxd4 Rxd4 28. Nd1 Rxe4 29. Rb7 Nd5 30. Nf2 Rxf4 31. Ra7 c3 32. Rxa6 Nb4 33. Rd6 c2 34. Rd2 Rfc4 35. Nd3 Na2 36. Ra1 c1=Q+ 37. Nxc1 Nxc1 38. Kf2 Nb3 39. Rd3 Nxa1 0-1

[Event "*** Titled Tuesday Blitz"]
[Site "Chess.com"]
[Date "2020.11.03"]
[Round "9"]
[White "beautroll"]
[Black "Sergey85Rodchenkov"]
[Result "0-1"]
[WhiteElo "2315"]
[BlackElo "2445"]
[TimeControl "180+1"]
[EndTime "11:48:48 PST"]
[Termination "Sergey85Rodchenkov won by resignation"]

1. e4 c5 2. Nf3 d6 3. d4 cxd4 4. Nxd4 Nf6 5. Nc3 a6 6. Bg5 Nbd7 7. f4 Qb6 8. a3 e6 9. Bc4 Be7 10. Qd2 O-O 11. O-O-O Qc7 12. Bxe6 fxe6 13. Nxe6 Qc4 14. Nxf8 Bxf8 15. Rhe1 h6 16. Bh4 b5 17. Kb1 Bb7 18.
e5 dxe5 19. fxe5 Qxh4 20. exf6 Nxf6 21. g3 Qc4 22. Qe3 b4 23. Na4 bxa3 24. b3 Qc6 25. c4 Re8 26. Qf4 Rxe1 27. Rxe1 Qd7 28. Ka2 Qd3 29.
Qf2 Bc6 30. Re3 Qd4 31. Qe2 Bxa4 32. bxa4 Bc5 33. Re6 Qc3 34. Rxa6 Bd4 35. Ra8+ Kh7 36. Rd8 Qa1+ 37. Kb3 Qb1+ 0-1

[Event "*** Titled Tuesday Blitz"]
[Site "Chess.com"]
[Date "2020.11.03"]
[Round "9"]
[White "dosto07"]
[Black "DonBroca"]
[Result "1-0"]
[WhiteElo "2353"]
[BlackElo "2108"]
[TimeControl "180+1"]
[EndTime "11:48:48 PST"]
[Termination "dosto07 won by resignation"]

1. e4 c5 2. Nf3 d6 3. Bb5+ Nd7 4. d4 cxd4 5. Qxd4 Nf6 6. Bg5 e6 7. Nc3 Be7 8. O-O a6 9. Bxd7+ Bxd7 10. a4 Bc6 11.
Rfd1 O-O 12. a5 h6 13. Bh4 g5 14. Bg3 e5 15. Qe3 Qc7 16. h4 Nh7 17. hxg5 Nxg5 18. Nh4 Rad8 19. Nf5 Kh7 20. Qe2 Kg6 21. Rd3 Ne6 22. Nd5 Bxd5 23. exd5 Ng5 24. Nh4+ Kh7 25. Rc3 Qd7 26. Qh5 f5 27. Qg6+ Kh8 28. Qxh6+ Nh7 29. Ng6+ Kg8 30. Nxf8 Bxf8 31. Qg6+ Bg7 32. Bh4 Rf8 33.
Qe6+ Qf7 34. Rc7 Qxe6 35. dxe6 Re8 36. e7 Bf6 37. Bxf6 Nxf6 38. Rxb7 Kf7 39. Ra7 Nd5 40. Rxa6 Rxe7 41. Rxd6 1-0

[Event "*** Titled Tuesday Blitz"]
[Site "Chess.com"]
[Date "2020.11.03"]
[Round "9"]
[White "MYMChessAcademy"]
[Black "ecwinslow"]
[Result "1-0"]
[WhiteElo "2058"]
[BlackElo "2150"]
[TimeControl "180+1"]
[EndTime "11:48:50 PST"]
[Termination "MYMChessAcademy won by checkmate"]

1. e4 c5 2. Nf3 d6 3. d4 cxd4 4. Nxd4 Nf6 5. Nc3 Nc6 6. Be3 e6 7. h3 a6 8. g4 Be7 9. g5 Nd7 10. f4 O-O 11. Qd2 Nxd4 12. Bxd4 b5 13. O-O-O b4 14.
Ne2 Rb8 15. h4 Qa5 16. Kb1 Nc5 17. Bg2 Bb7 18. Ng3 Na4 19. Nh5 Nc3+ 20. bxc3 bxc3 21. Qxc3 Bxe4+ 22. Ka1 Qxc3+ 23. Bxc3 Bxg2 24. Rhg1 Bf3 25. Bxg7 Bxh5 26. Bh6 Rfc8 27. Rde1 Rxc2 28. f5 e5 29. f6 Bf8 30. Rd1 Bxh6 31. gxh6+ Kf8 32.
Rxd6 Bg6 33. h5 Bxh5 34. a3 Ke8 35. Rg8# 1-0

[Event "*** Titled Tuesday Blitz"]
[Site "Chess.com"]
[Date "2020.11.03"]
[Round "9"]
[White "Sebastian"]
[Black "chito89"]
[Result "0-1"]
[WhiteElo "2871"]
[BlackElo "2799"]
[TimeControl "180+1"]
[EndTime "11:48:51 PST"]
[Termination "chito89 won by resignation"]

1. e4 c5 2. Nf3 e6 3. d4 cxd4 4. Nxd4 Nc6 5. Nc3 Qc7 6. Be3 a6 7. Qd2 Nf6 8. O-O-O Be7 9. f3 h5 10. Nxc6 dxc6 11. Qf2 b5 12. Bb6 Qb8 13. Bc5 Bxc5 14. Qxc5 Qc7 15. Rd6 Bb7 16. e5 Nd7 17.
Qe3 O-O-O 18. f4 g5 19. g3 c5 20. Rg1 gxf4 21. gxf4 Nb6 22. Rxd8+ Rxd8 23. Be2 Kb8 24. Rd1 b4 25. Ne4 Rxd1+ 26. Bxd1 Nd5 27. Qf2 c4 28. Nd6 c3 29. Qd4 Qa5 30. Qc4 cxb2+ 31. Kxb2 Qa3+ 32. Kb1 Nc3+ 0-1

[Event "*** Titled Tuesday Blitz"]
[Site "Chess.com"]
[Date "2020.11.03"]
[Round "9"]
[White "Frogo47"]
[Black "annamaja"]
[Result "1-0"]
[WhiteElo "2462"]
[BlackElo "2310"]
[TimeControl "180+1"]
[EndTime "11:48:51 PST"]
[Termination "Frogo47 won on time"]

1. d4 d5 2. c4 c6 3. Nc3 Nf6 4. Nf3 e6 5. Qc2 dxc4 6. e4 b5 7. b3 cxb3 8. axb3 Bb4 9. Bd2 O-O 10. Bd3 g6 11. O-O Bb7 12. Rfc1 Nbd7 13. Bh6 Re8 14.
h3 Qb6 15. Be3 a6 16. Ne2 Qc7 17. Bf4 Qb6 18. Be3 Qc7 19. Qb2 Rad8 20. Bg5 Be7 21. Ng3 c5 22. e5 Nd5 23. Ne4 Bxg5 24. Nfxg5 Nf4 25. Bb1 c4 26. Qd2 Nd5 27. bxc4 bxc4 28. Nd6 Rf8 29. Rxc4 Qb6 30. Be4 Ba8 31. Rb1 Qa7 32. h4 N5b6 33. Rc3 h6 34. Ngxf7 Rxf7 35. Bxa8 Rxa8 36. Nxf7 Kxf7 37. Qxh6 Nd5 38. Rf3+ Ke7 39. Qxg6 Qxd4 40. Qg7+ Kd8 41. Rb7 N5b6 42. Rf7 1-0

[Event "*** Titled Tuesday Blitz"]
[Site "Chess.com"]
[Date "2020.11.03"]
[Round "9"]
[White "Fischerev7"]
[Black "Vyacheslav_N"]
[Result "1-0"]
[WhiteElo "2403"]
[BlackElo "2291"]
[TimeControl "180+1"]
[EndTime "11:48:52 PST"]
[Termination "Fischerev7 won on time"]

1. e4 c5 2. Nf3 Nc6 3. d4 cxd4 4. Nxd4 Nf6 5. Nc3 e5 6. Ndb5 d6 7. Bg5 a6 8. Na3 b5 9. Nd5 Be7 10. Bxf6 Bxf6 11. c4 b4 12. Nc2 Bg5 13. g3 a5 14.
Bg2 O-O 15. O-O Ra7 16. Qd3 Ne7 17. Nxe7+ Rxe7 18. Rfd1 Rd7 19. a3 Qb6 20. axb4 axb4 21. b3 Bb7 22. h4 Bh6 23. Ra4 Qc5 24. Nxb4 Rb8 25. Nc2 Bc6 26. Ra6 Bb7 27. Rxd6 Rxd6 28. Qxd6 Qxd6 29. Rxd6 g6 30. b4 Bf8 31. Rb6 Be7 32.
c5 Bd8 33. Rb5 Bc7 34. Ne3 Bc6 35. Rxb8+ Bxb8 36. Nd5 Kf8 37. Bf1 f5 38. f3 Ba7 39.
Bc4 Bxd5 40. exd5 Ke7 41. Kf2 h6 42. Ke3 g5 43. d6+ Kf6 44. hxg5+ hxg5 45. Bd5 f4+ 46.
gxf4 exf4+ 47. Kd4 Bb8 48. b5 1-0

[Event "*** Titled Tuesday Blitz"]
[Site "Chess.com"]
[Date "2020.11.03"]
[Round "9"]
[White "TheCairnTerrier"]
[Black "annacramling"]
[Result "1-0"]
[WhiteElo "2186"]
[BlackElo "1982"]
[TimeControl "180+1"]
[EndTime "11:48:52 PST"]
[Termination "TheCairnTerrier won by resignation"]

1. e4 c5 2. Nf3 Nc6 3. Bb5 Nd4 4. Nxd4 cxd4 5. c3 Qb6 6. Be2 d6 7. d3 e5 8. cxd4 exd4 9. O-O Nf6 10. f4 Be7 11.
Kh1 O-O 12. Nd2 Be6 13. b3 Rac8 14. Bb2 Rfd8 15. Nf3 Ng4 16. Bxd4 Qa5 17. Nd2 Qb4 18. Bxa7 b6 19. Bxg4 Bxg4 20. Qxg4 Ra8 21. Bxb6 Qxb6 22. Nc4 Qd4 23. Qe2 Bf6 24. Rad1 Rab8 25. Ne3 Be7 26. Nd5 Bf8 27. f5 f6 28. Rf3 Re8 29. Rh3 Qxd5 30.
Qh5 h6 31. exd5 Rbc8 32. Rg3 Re7 33. Qxh6 Rce8 34. h3 Re1+ 35. Rxe1 Rxe1+ 36. Kh2 Re2 37. Qxf6 1-0

[Event "*** Titled Tuesday Blitz"]
[Site "Chess.com"]
[Date "2020.11.03"]
[Round "9"]
[White "szefru"]
[Black "Chamal_Gedgafov"]
[Result "0-1"]
[WhiteElo "2250"]
[BlackElo "2136"]
[TimeControl "180+1"]
[EndTime "11:48:52 PST"]
[Termination "Chamal_Gedgafov won by checkmate"]

1. e4 e6 2. d4 d5 3. Nd2 a6 4. e5 c5 5. c3 Nc6 6. Ne2 Qb6 7. Nf3 Nge7 8. g3 Nf5 9. Bg2 cxd4 10. cxd4 Bb4+ 11.
Kf1 O-O 12. g4 Nh6 13. Bxh6 gxh6 14. h4 f6 15. exf6 Rxf6 16. g5 hxg5 17. hxg5 Rg6 18.
Qd3 Bd7 19. Nh4 Rg7 20. g6 Be8 21. gxh7+ Kh8 22. Nf4 Ne7 23. a4 Qd6 24. Qe3 Bf7 25. Bh3 Re8 26. Bxe6 Nc6 27. Bxf7 Rxe3 28. Nfg6+ Rxg6 29. Nxg6+ Qxg6 30. Bxg6 Re6 31. Bd3 Nxd4 32. Rg1 Re8 33.
Rc1 Ne6 34. Bf5 Nf4 35. Rc7 Re1# 0-1

[Event "*** Titled Tuesday Blitz"]
[Site "Chess.com"]
[Date "2020.11.03"]
[Round "9"]
[White "SantoBlue"]
[Black "Grandelicious"]
[Result "1-0"]
[WhiteElo "2896"]
[BlackElo "2784"]
[TimeControl "180+1"]
[EndTime "11:48:53 PST"]
[Termination "SantoBlue won by resignation"]

1. e4 c6 2. d3 d5 3. Nf3 g6 4. Qe2 Bg7 5. g3 Nd7 6. Bg2 e5 7. O-O Ne7 8. exd5 cxd5 9. Nc3 O-O 10. Bg5 f6 11. Bd2 Nb6 12. a4 Be6 13. a5 Nd7 14.
Na4 Nc6 15. b4 Rc8 16. b5 Ne7 17. Bb4 Re8 18. a6 bxa6 19. bxa6 Bf7 20. Rfb1 d4 21. Bxe7 Rxe7 22. Rb7 Nc5 23. Nxc5 Rxc5 24. Rab1 Rec7 25. Rxc7 Rxc7 26. Rb7 Bd5 27. Nxd4 Bxb7 28. Ne6 Qb8 29. axb7 Rxb7 30. Bxb7 Qxb7 31. c4 Qc6 32. Nxg7 Kxg7 33. Qa2 Qc5 34. Qa6 Qd4 35. Qa3 g5 36. c5 Qd7 37. Qa6 Kg6 38. c6 Qd6 39. Qc4 Qc7 40.
Qg8+ Kf5 41. Qd5 Kg6 42. Qd7 Qa5 43. c7 1-0

[Event "*** Titled Tuesday Blitz"]
[Site "Chess.com"]
[Date "2020.11.03"]
[Round "9"]
[White "giantslayer83"]
[Black "Piotrek1979"]
[Result "1-0"]
[WhiteElo "2716"]
[BlackElo "2483"]
[TimeControl "180+1"]
[EndTime "11:48:53 PST"]
[Termination "giantslayer83 won by checkmate"]

1. d4 g6 2. c4 Bg7 3. Nc3 d6 4. g3 Nf6 5. Bg2 O-O 6. Nf3 Nc6 7. O-O Bg4 8. h3 Bxf3 9. Bxf3 e5 10. dxe5 Nxe5 11.
Bxb7 Rb8 12. Bg2 Nxc4 13. b3 Nd7 14. Qc2 Qf6 15. Bf4 Qxc3 16. Qxc3 Bxc3 17. Rac1 Bd2 18. Rxc4 Bxf4 19. Rxc7 Be5 20. Rxd7 a5 21. Bd5 Rb5 22. Rd1 g5 23. e3 Rc5 24. Bc4 a4 25. Kg2 axb3 26.
axb3 h6 27. Rd2 Kg7 28. Ra2 Kg6 29. Raa7 f5 30. f4 gxf4 31. gxf4 Bc3 32. Rxd6+ Rf6 33. Rd8 Kh5 34. Rg8 Kh4 35. Rag7 Rcc6 36. Kf3 Rcd6 37. Bf7 Bd2 38. Kg2 Bxe3 39. Rg4+ fxg4 40. Rxg4# 1-0